 Dungeon Crawl Stone Soup version 0.29.1-4-g47bece8355 (webtiles) character file.

Game seed: 5306877814394629458

37349 cowcol the Severer (level 13, -2/124 HPs)
             Began as a White Draconian Berserker on Dec 5, 2022.
             Was an Elder of Trog.
             Slain by a five-headed hydra (10 damage)
             ... on level 4 of the Lair of Beasts on Dec 6, 2022.
             The game lasted 01:27:07 (20866 turns).

cowcol the Severer (White Draconian Berserker)     Turns: 20866, Time: 01:27:08

Health: -2/124     AC: 20    Str: 21    XL:     13   Next: 57%
Magic:  13/13      EV: 20    Int:  8    God:    Trog [****..]
Gold:   1526       SH:  0    Dex: 14    Spells: 12/12 levels left

rFire   . . .      SeeInvis .   h - +3 scimitar (flame)
rCold   + . .      Faith    .   (no shield)
rNeg    . . .      Spirit   .   (body armour unavailable)
rPois   .          Reflect  .   (helmet restricted)
rElec   +          Harm     .   O - +0 cloak
rCorr   .          Rampage  .   l - +3 pair of gauntlets of War {Slay+5}
Will    .....                   x - +2 pair of boots
Stlth   +++.......              L - amulet of the acrobat
HPRegen 0.30/turn               w - +4 ring of protection
MPRegen 0.13/turn               Q - +4 ring of evasion

@: on berserk cooldown, slowed, very slow
A: breathe frost, AC +8, unfitting armour, cold resistance 1, cold-blooded,
horns 1, robust 1, screaming 1, electricity resistance
a: Breathe Frost, Renounce Religion, Berserk, Trog's Hand, Brothers in Arms


You were on level 4 of the Lair of Beasts.
You worshipped Trog.
Trog was greatly pleased with you.
You visited 2 branches of the dungeon, and saw 17 of its levels.
You also visited: Sewer.

You collected 1526 gold pieces.

Inventory:

Hand Weapons
 a - a +0 hand axe
 f - a +1 short sword of venom
 h - a +3 scimitar of flaming (weapon)
 k - a +0 club
 F - a +0 dire flail
 G - a +3 halberd of freezing
 M - a +0 bardiche
 R - a +5 war axe of chaos
 S - a +5 trident
Missiles
 e - 10 boomerangs (quivered)
 A - 9 atropa-tipped darts
 D - 4 boomerangs of dispersal
 E - 34 poisoned darts
 H - 2 javelins
Armour
 l - the +3 pair of gauntlets of War (worn) {Slay+5}
   (You acquired it on level 3 of the Lair of Beasts)

   Slay:      It affects your accuracy & damage with ranged weapons and melee
   (+5).
 m - a +0 buckler
 x - a +2 pair of boots (worn)
 C - a +0 kite shield
 O - a +0 cloak (worn)
 T - a +0 pair of boots
 U - a +1 pair of boots
Jewellery
 w - a +4 ring of protection (left hand)
 L - an amulet of the acrobat (around neck)
 Q - a +4 ring of evasion (right hand)
Wands
 n - a wand of iceblast (20)
 y - a wand of polymorph (16)
 z - a wand of flame (23)
 I - a wand of acid (12)
 K - a wand of digging (16)
 P - a wand of paralysis (14)
Scrolls
 b - 2 scrolls of teleportation
 d - a scroll of poison
 i - 2 scrolls of silence
 q - 2 scrolls of fear
 u - a scroll of butterflies
 B - a scroll of summoning
 J - 2 scrolls of immolation
 N - a scroll of blinking
Potions
 g - 6 potions of brilliance
 j - 3 potions of mutation
 p - a potion of attraction {unknown}
 r - 2 potions of invisibility {unknown}
 s - 2 potions of berserk rage
 t - 3 potions of might
 v - 2 potions of magic {unknown}


   Skills:
 + Level 10.1 Fighting
 - Level 2.1(6.4) Short Blades
 * Level 9.6(9.8) Long Blades
 * Level 15.2(15.5) Axes
 + Level 1.0(9.9) Maces & Flails
 + Level 4.3(10.8) Polearms
 - Level 2.1 Throwing
 + Level 9.8 Dodging
 + Level 5.0 Stealth
 - Level 2.8 Shields
 + Level 1.0 Evocations


You had 12 spell levels left.
You didn't know any spells.
Your spell library was empty.

Dungeon Overview and Level Annotations

Branches:
Dungeon (12/15)            Temple (0/1) D:6            Lair (5/5) D:11
  Swamp (0/4) Lair:3       Spider (0/4) Lair:3          Orc (0/2) D:12
  Sewer (visited)
  Slime: Lair:4-5

Altars:
Ashenzari
Cheibriados
Fedhas
Hepliaklqana
Kikubaaqudgha
Makhleb
Sif Muna
Trog
Vehumet
Wu Jian
Yredelemnul
Zin

Shops:
D:6 =

Annotations:
D:7 2 transporters, Jingleheimer's ghost, novice DsGl
D:12 2 runed translucent doors, Sambug2000's ghost, journeyman MiFi
Lair:4 2 transporters, Fifowuza's ghost, journeyman DrTm


Innate Abilities, Weirdness & Mutations

You can breathe waves of freezing cold which knock back foes.
Your icy white scales are hard. (AC +8)
You cannot fit into any form of body armour.
Your flesh is cold resistant. (rC+)
You are cold-blooded and may be slowed by cold attacks.
You have a pair of small horns on your head.
You are robust. (+10% HP)
You occasionally shout uncontrollably at your foes.
You are resistant to electric shocks. (rElec)


Message History

You burn the six-headed hydra. You tail-slap the six-headed hydra.
The six-headed hydra is lightly wounded.
The six-headed hydra closely misses you.
The six-headed hydra misses you. The six-headed hydra bites you.
* * * LOW HITPOINT WARNING * * *
The six-headed hydra completely misses you.
The six-headed hydra misses you. The six-headed hydra bites you.
* * * LOW HITPOINT WARNING * * *
You are confused.
You feel invigorated.
The six-headed hydra barely misses you. x2
The six-headed hydra bites you but does no damage.
The six-headed hydra completely misses you.
The six-headed hydra misses you.
The six-headed hydra bites you but does no damage.
Unknown command.
You slice one of the six-headed hydra's heads off!
The flame cauterises the wound!
You hit the five-headed hydra. You burn the five-headed hydra.
You headbutt the five-headed hydra!
The five-headed hydra is moderately wounded.
The five-headed hydra bites you.
* * * LOW HITPOINT WARNING * * *
The five-headed hydra bites you but does no damage. x3
The five-headed hydra misses you. The five-headed hydra bites you.
* * * LOW HITPOINT WARNING * * *
The five-headed hydra bites you!
* * * LOW HITPOINT WARNING * * *
The five-headed hydra bites you but does no damage.
The five-headed hydra bites you.
* * * LOW HITPOINT WARNING * * *
The five-headed hydra bites you but does no damage.
Okay, then.
You are too confused!
You are too confused!
You feel better.
You feel less invigorated. The five-headed hydra bites you!
* * * LOW HITPOINT WARNING * * *
The five-headed hydra closely misses you.
The five-headed hydra bites you!
* * * LOW HITPOINT WARNING * * *
The five-headed hydra bites you!
You die...

.######........## #..## ##
#.#..'#..# #P..# ### ##....####
###...# ### #.#####.'##.#####
##.#.).###.# .###.#..........#
#..........# '##..'.........###
#.........## ...)##.........#.##
#..........# ....##.........D..#
#.(.......##
....##..........@####.........#
...##.........................##
..####....##..###.............P#
### ########## ###............#
# #####PP..#P### ########


You could see a five-headed hydra.

Vanquished Creatures
  Azrael (D:12)
  Snorg (D:12)
  Josephine (Lair:4)
  3 hydras
  4 two-headed ogres
  A centaur warrior (D:11)
  Sonja (Lair:4)
  An orc knight (D:11)
  A wizard (D:11)
  3 ugly things
  A deep elf pyromancer (D:12)
  A black mamba (Lair:1)
  A cyclops (D:11)
  3 gargoyles
  A torpor snail (Lair:5)
  11 cane toads
  An unseen horror (D:12)
  2 rime drakes
  A freezing wraith (D:11)
  2 komodo dragons
  2 polar bears (Lair:4)
  8 trolls
  Prince Ribbit (D:5)
  8 blink frogs
  2 hornets
  Grinder (D:3)
  2 shadows
  Sigmund (D:5)
  5 wraiths
  29 yaks
  2 fire elementals (D:12)
  4 wyverns
  3 fire bats (Lair:4)
  7 basilisks
  A steam dragon (Lair:1)
  7 vampire mosquitoes
  2 redbacks (Lair:3)
  6 acid dragons
  10 water moccasins
  Duvessa (D:6)
  6 hell hounds
  2 orc warriors
  An ice beast (D:5)
  3 black bears
  Pargi (Sewer)
  8 wolves (Lair:2)
  2 centaurs
  2 kobold brigands
  2 phantoms (D:6)
  A gnoll sergeant (D:7)
  7 bullfrogs
  A necrophage (D:7)
  7 scorpions
  12 wights
  Dowan (D:6)
  4 killer bees
  10 howler monkeys
  5 electric eels (Lair:3)
  A jelly (D:7)
  Crazy Yiuf (D:4)
  4 hounds
  4 orc priests
  Terence (D:3)
  Jessica (D:2)
  Ijyb (D:3)
  4 iguanas
  12 orc wizards
  4 hell rats (Lair:2)
  3 gnolls (D:7)
  7 adders
  A shadow imp (D:8)
  A white imp (D:3)
  2 ufetubi (D:6)
  A worm (D:3)
  4 dart slugs
  25 orcs
  10 ball pythons
  11 bats
  11 endoplasms
  4 giant cockroaches
  13 goblins
  8 hobgoblins
  3 jackals (D:4)
  13 kobolds
  2 quokkas
  A frilled lizard (D:1)
  8 rats
379 creatures vanquished.

Vanquished Creatures (collateral kills)
  A wraith (Lair:4)
1 creature vanquished.

Vanquished Creatures (others)
  A komodo dragon (Lair:2)
  A cane toad zombie (Lair:4)
  20 fungi
  24 plants
46 creatures vanquished.

Grand Total: 426 creatures vanquished

Notes
Turn   | Place    | Note
-------+----------+-------------------------------------------
     0 | D:1      | cowcol the Draconian Berserker began the quest for the Orb.
     0 | D:1      | Reached XP level 1. HP: 19/19 MP: 1/1
   178 | D:1      | Reached XP level 2. HP: 26/26 MP: 2/2
   442 | D:1      | Reached ** piety under Trog
   443 | D:1      | Reached XP level 3. HP: 29/33 MP: 3/3
  1171 | D:2      | You fall into a shaft and drop 2 floors!
  1191 | D:4      | Reached skill level 4 in Axes
  1205 | D:3      | Noticed Terence
  1219 | D:3      | Killed Terence
  1220 | D:3      | Reached skill level 1 in Throwing
  1220 | D:3      | Reached XP level 4. HP: 35/40 MP: 4/4
  1352 | D:3      | Noticed Ijyb
  1359 | D:3      | Killed Ijyb
  1360 | D:3      | Reached skill level 1 in Shields
  1447 | D:3      | Found a faded altar of an unknown god.
  1589 | D:3      | Noticed Grinder
  1611 | D:3      | Found a glowing drain.
  1623 | Sewer    | Entered a sewer
  1630 | Sewer    | Reached XP level 5. HP: 34/46 MP: 5/5
  1671 | Sewer    | Noticed Pargi
  1682 | Sewer    | Killed Pargi
  1683 | Sewer    | Reached skill level 1 in Short Blades
  2365 | D:2      | Found a snail-covered altar of Cheibriados.
  2462 | D:2      | Noticed Jessica
  2479 | D:2      | Killed Jessica
  2480 | D:2      | Reached XP level 6. HP: 52/52 MP: 6/6
  2918 | D:3      | Killed Grinder
  2919 | D:3      | Reached skill level 5 in Axes
  3036 | D:3      | Found a shimmering blue altar of Sif Muna.
  3773 | D:4      | Your scales start taking on an icy white colour.
  3773 | D:4      | Reached XP level 7. HP: 60/60 MP: 7/7
  3773 | D:4      | Gained mutation: Your flesh is cold resistant. (rC+) [White
                  | Draconian growth]
  3804 | D:4      | Reached skill level 1 in Long Blades
  3804 | D:4      | Reached skill level 1 in Stealth
  3844 | D:4      | Found a snail-covered altar of Cheibriados.
  3844 | D:4      | Found a bloodstained altar of Trog.
  3859 | D:4      | Found a glowing silver altar of Zin.
  3900 | D:4      | Found a hazy altar of Hepliaklqana.
  3909 | D:4      | Found a radiant altar of Vehumet.
  3921 | D:4      | Found an ancient bone altar of Kikubaaqudgha.
  4108 | D:4      | Found a runed translucent door.
  4109 | D:4      | Noticed Crazy Yiuf
  4117 | D:4      | Killed Crazy Yiuf
  4348 | D:5      | Entered Level 5 of the Dungeon
  4348 | D:5      | Noticed Sigmund
  4355 | D:5      | Killed Sigmund
  4362 | D:5      | Reached XP level 8. HP: 67/67 MP: 8/8
  4552 | D:5      | Reached skill level 5 in Fighting
  4552 | D:5      | Reached skill level 6 in Axes
  4614 | D:5      | Noticed Prince Ribbit
  4628 | D:5      | Killed Prince Ribbit
  5988 | D:5      | Gained mutation: You occasionally shout uncontrollably at
                  | your foes. [potion of mutation]
  5988 | D:5      | Gained mutation: You frequently scream uncontrollably at
                  | your foes. [potion of mutation]
  5988 | D:5      | Gained mutation: You have hidden genetic potential. [potion
                  | of mutation]
  5988 | D:5      | Gained mutation: You have a pair of small horns on your
                  | head. [potion of mutation]
  5989 | D:5      | Lost mutation: You have hidden genetic potential. [potion
                  | of mutation]
  5989 | D:5      | Lost mutation: You frequently scream uncontrollably at your
                  | foes. [potion of mutation]
  5989 | D:5      | Gained mutation: You are resistant to electric shocks.
                  | (rElec) [potion of mutation]
  5989 | D:5      | Gained mutation: You are robust. (+10% HP) [potion of
                  | mutation]
  6293 | D:6      | Reached skill level 5 in Dodging
  6352 | D:6      | Found Qomer's Jewellery Boutique.
  6476 | D:6      | Reached XP level 9. HP: 78/82 MP: 9/9
  6484 | D:6      | Found a staircase to the Ecumenical Temple.
  6636 | D:6      | Noticed Duvessa
  6636 | D:6      | Noticed Dowan
  6654 | D:6      | Killed Duvessa
  6657 | D:6      | Killed Dowan
  6948 | D:7      | Found a broken altar of Ashenzari.
  6997 | D:7      | Reached skill level 7 in Axes
  7532 | D:7      | Noticed a two-headed ogre
  7535 | D:7      | Noticed Jingleheimer's ghost (novice DsGl)
  7547 | D:7      | Found a transporter.
  7610 | D:7      | Reached skill level 5 in Long Blades
  7663 | D:7      | Found a transporter.
  8072 | D:8      | Reached *** piety under Trog
  8851 | D:9      | Reached skill level 1 in Polearms
  8853 | D:9      | Noticed a two-headed ogre
  8861 | D:9      | Found a basalt altar of Yredelemnul.
  9384 | D:9      | Reached XP level 10. HP: 94/94 MP: 10/10
  9395 | D:9      | Killed a two-headed ogre
  9618 | D:9      | Found a blossoming altar of Fedhas.
 10178 | D:10     | Entered Level 10 of the Dungeon
 10235 | D:10     | Reached skill level 8 in Axes
 10972 | D:10     | Found a burning altar of Makhleb.
 11168 | D:11     | Noticed a gargoyle
 11182 | D:11     | Killed a gargoyle
 11259 | D:11     | Noticed a two-headed ogre
 11263 | D:11     | Noticed a wizard
 11266 | D:11     | Killed a two-headed ogre
 11267 | D:11     | Reached skill level 9 in Axes
 11271 | D:11     | Killed a wizard
 11273 | D:11     | Reached XP level 11. HP: 103/103 MP: 11/11
 11281 | D:11     | Found an ornate altar of the Wu Jian Council.
 11281 | D:11     | Noticed a green ugly thing
 11281 | D:11     | Noticed a centaur warrior
 11283 | D:11     | Noticed an eight-headed hydra
 11530 | D:11     | Noticed a two-headed ogre
 11541 | D:11     | Killed a two-headed ogre
 11693 | D:11     | Found a staircase to the Lair.
 11782 | D:11     | Noticed a two-headed ogre
 11793 | D:11     | Killed a two-headed ogre
 11911 | D:11     | Noticed a white ugly thing
 11929 | D:11     | Killed a green ugly thing
 11930 | D:11     | Reached skill level 10 in Axes
 12067 | D:11     | Killed a white ugly thing
 12137 | D:11     | Noticed an orc knight
 12164 | D:11     | Killed an orc knight
 12506 | D:11     | Killed a centaur warrior
 12825 | D:11     | Reached skill level 11 in Axes
 13490 | D:11     | Killed an eight-headed hydra
 13626 | D:12     | Found a radiant altar of Vehumet.
 14219 | D:12     | Noticed a red ugly thing
 14244 | D:12     | Killed a red ugly thing
 14318 | D:12     | Found a blossoming altar of Fedhas.
 14428 | D:12     | Reached XP level 12. HP: 113/113 MP: 12/12
 14540 | D:12     | Reached skill level 12 in Axes
 15058 | D:12     | Noticed Azrael
 15093 | D:12     | Killed Azrael
 15094 | D:12     | Reached skill level 1 in Maces & Flails
 15588 | D:12     | Found a large runed translucent door.
 15588 | D:12     | Found a large runed translucent door.
 15660 | D:12     | Noticed Snorg
 15676 | D:12     | Killed Snorg
 15949 | D:12     | Noticed Sambug2000's ghost (journeyman MiFi)
 16055 | D:12     | Found a staircase to the Orcish Mines.
 16159 | Lair:1   | Entered Level 1 of the Lair of Beasts
 16199 | Lair:1   | Found the +4 moon troll leather armour {Spirit, Regen++
                  | MP+5}
 16642 | Lair:1   | Identified the +1 robe of Reihieg {Contam +Blink Int+9
                  | Dex-5}
 16762 | Lair:1   | Reached skill level 13 in Axes
 18327 | Lair:3   | Identified a scroll of acquirement
 18330 | Lair:3   | Acquired the +3 pair of gauntlets of War {Slay+5}
 18330 | Lair:3   | Found the +3 pair of gauntlets of War {Slay+5}
 18347 | Lair:3   | Found a hole to the Spider Nest.
 18708 | Lair:3   | Reached skill level 14 in Axes
 18798 | Lair:3   | Reached **** piety under Trog
 18887 | Lair:3   | Reached XP level 13. HP: 122/122 MP: 13/13
 18890 | Lair:3   | Found a staircase to the Swamp.
 19480 | Lair:4   | Found a transporter.
 19484 | Lair:4   | Found a transporter.
 19486 | Lair:4   | Noticed Fifowuza's ghost (journeyman DrTm)
 19712 | Lair:4   | Found a dark tunnel.
 19832 | Lair:4   | Noticed Josephine
 19841 | Lair:4   | Killed Josephine
 19847 | Lair:4   | Noticed Sonja
 20575 | Lair:4   | Killed Sonja
 20576 | Lair:4   | Reached skill level 5 in Stealth
 20688 | Lair:5   | Entered Level 5 of the Lair of Beasts
 20694 | Lair:4   | Reached skill level 10 in Fighting
 20834 | Lair:5   | Reached skill level 1 in Evocations
 20835 | Lair:5   | Reached skill level 15 in Axes
 20866 | Lair:4   | Slain by a five-headed hydra

Illustrated notes

Levels and vault maps discovered:
D:1:      lightli_arrival_lavapool, layout_rooms, minmay_pentomino_w4
D:2:      layout_loops_ring, basic_altar, minmay_shallow_snake_nest,
          uniq_jessica
D:3:      layout_loops_cross, marbit_many_paths, ebering_ecumenical_altar_webs,
          portal_sewer_entry_b, uniq_grinder, uniq_terence, uniq_ijyb
D:4:      layout_basic, nicolae_overflow_hallway_of_the_gods,
          chequers_decorated_corner, uniq_crazy_yiuf_cottage
D:5:      layout_cave_pods, nicolae_hexahallways, water_boxes_lemuel,
          uniq_prince_ribbit1, uniq_sigmund
D:6:      layout_basic, temple_green, minmay_shop_enchanted_jewellery,
          uniq_duvessa
D:7:      layout_basic, ashenzari_conservatory_becter, nzn_ghost_randoct
D:8:      layout_basic, serial_rivers, chequers_serial_rivers_room_a,
          chequers_serial_rivers_small_b, chequers_serial_rivers_room_b,
          chequers_serial_rivers_micro_b, chequers_serial_rivers_marsh,
          chequers_serial_rivers_large_a
D:9:      layout_irregular_city, lemuel_crystal_altar, fedhas_altar_4,
          kb_rosetta
D:10:     layout_long_grid, lightli_temple_of_fire,
          chequers_serial_rivers_small_b
D:11:     hangedman_cross_cluster, layout_loops_cross, lair_entry_dummy
D:12:     layout_basic, orc_0_dummy, ebering_ghost_disaster_area,
          hangedman_feature_mirror, uniq_snorg, uniq_azrael
Lair:1:   layout_hall_layers, serial_bayou_shore_b
Lair:2:   layout_roguey
Lair:3:   layout_gridlike, minmay_swamp_entry_eels, spider_nest_entry_a
Lair:4:   layout_roguey, gammafunk_ghost_hive, nicolae_volcano_entry_batcave,
          uniq_sonja, uniq_josephine
Lair:5:   grunt_lair_end_beastmaster, layout_cave_pods,
          dpeg_slime_entry_enclosed, evilmike_ambush
          [evilmike_ambush_outer_basic, evilmike_ambush_inner_pond]

Skill      XL: |  1  2  3  4  5  6  7  8  9 10 11 12 13 |
---------------+----------------------------------------+-----
Dodging        | 3 4 5 7 8 9 |  9.8
Axes           | 4 5 6 7 9 11 14 15 | 15.2
Throwing       | 1 2 |  2.1
Shields        | 1 2 |  2.8
Fighting       | 4 6 7 8 9 10 | 10.1
Short Blades   | 1 2 |  2.1
Long Blades    | 2 4 5 6 7 9 |  9.6
Stealth        | 1 3 4 5 |  5.0
Polearms       | 2 4 |  4.3
Maces & Flails | 1 |  1.0
Evocations     | 1 |  1.0

Action                   |  1- 3 |  4- 6 |  7- 9 | 10-12 | 13-15 || total
-------------------------+-------+-------+-------+-------+-------++-------
Melee: Hand axe          |   126 |   139 |    14 |       |       ||   279
       Tailslap          |    10 |    16 |    53 |    69 |    16 ||   164
       Punch             |     1 |       |       |     5 |     4 ||    10
       Short sword       |       |       |   305 |     5 |       ||   310
       Headbutt          |       |       |    50 |   105 |    26 ||   181
       Morningstar       |       |       |     9 |    10 |       ||    19
       Halberd           |       |       |    41 |    29 |       ||    70
       War axe           |       |       |       |   460 |   102 ||   562
       Scimitar          |       |       |       |       |    10 ||    10
Throw: Stone             |     1 |       |       |       |       ||     1
       Boomerang         |     3 |    12 |    13 |    41 |       ||    69
Invok: Berserk           |     1 |     8 |    12 |    26 |     5 ||    52
       Trog's Hand       |       |     1 |     3 |     4 |     1 ||     9
 Abil: Breathe Frost     |       |       |    13 |    18 |     3 ||    34
Evoke: Wand              |       |       |       |     5 |     1 ||     6
  Use: Scroll            |     3 |     4 |     5 |    15 |     3 ||    30
       Potion            |       |       |     2 |     9 |     8 ||    19
 Stab: Sleeping          |       |     1 |     2 |     2 |     1 ||     6
       Paralysed         |       |       |       |     2 |     1 ||     3
       Petrifying        |       |       |       |       |     2 ||     2
Armor: Skin              |    22 |    64 |   139 |   129 |    67 ||   421
Dodge: Dodged            |    82 |   103 |   229 |   557 |   164 ||  1135
Block: Buckler           |     4 |    34 |    42 |       |       ||    80
       Kite shield       |       |       |    38 |       |       ||    38
